AoeStats
← hangover

Black Forest

510352148Analyzed
4v4 RM · 2d ago on Sep 30, 2026· 68m 57s· 8 players
Game mode
Random Map
Map size
Large (8 player)
Population
200
Speed
Normal
Resources
Standard
Victory
Conquest
Starting age
Dark Age
Ending age
Imperial Age
RankedLock teamsTeams togetherTeam positionsShared explorationLock speedFull tech treeHidden civsTurbo modeCheats
Victory
Defeat
🇹🇼 Burgundians · Taiwan
829
+9
🇨🇳 Saxons · China
824
+9
🇲🇽 Khmer · Mexico
820
+9
🇩🇰 Franks · Denmark
635
+18
🇪🇸 Goths · Spain
747
-14
🇸🇦 Lithuanians · Saudi Arabia
739
-14
🇮🇳 Hindustanis · India
605
-9
🇮🇳 Teutons · India
562
-8
xTc
11:33 Feudal Age
15:29 Man-at-Arms
20:02 Castle Age
19:46 Double-Bit Axe
19:43 Horse Collar
19:56 Gold Mining
19:59 Stone Mining
27:18 Husbandry
28:44 Heavy Plow
29:00 Bow Saw
29:31 Stone Shaft Mining
36:27 Imperial Age
34:15 Pikeman
36:22 Scale Mail Armor
36:29 Scale Barding Armor
37:31 Squires
50:53 Chain Mail Armor
50:49 Forging
51:00 Chain Barding Armor
53:54 Elite Skirmisher
infinityishan
1:12 Loom
11:28 Feudal Age
14:09 Double-Bit Axe
20:53 Wheelbarrow
20:01 Horse Collar
27:16 Castle Age
28:40 Hand Cart
28:29 Heavy Plow
28:44 Bow Saw
30:34 Scale Mail Armor
30:40 Scale Barding Armor
30:47 Forging
30:37 Padded Archer Armor
30:28 Fletching
32:36 Gold Mining
32:37 Stone Mining
36:51 Chain Mail Armor
36:57 Chain Barding Armor
37:13 Iron Casting
36:55 Leather Archer Armor
36:36 Bodkin Arrow
36:57 Man-at-Arms
37:39 Squires
37:25 Arson
37:04 Elite Skirmisher
41:05 Long Swordsman
42:40 Crossbowman
43:29 Thumb Ring
46:52 Gold Shaft Mining
46:53 Stone Shaft Mining
51:03 Fortified Wall
50:50 Murder Holes
50:46 Guard Tower
51:16 Ballistics
51:07 Masonry
61:00 Grand Trunk Road
63:38 Imperial Age
63:47 Heavy Cavalry Archer
63:51 Two-Handed Swordsman
64:54 Fishing Lines
Pachecon RonRon
0:28 Loom
13:08 Feudal Age
14:26 Wheelbarrow
14:04 Double-Bit Axe
17:50 Man-at-Arms
18:49 Gold Mining
32:15 Castle Age
30:25 Fletching
30:50 Forging
30:41 Scale Mail Armor
30:28 Horse Collar
31:00 Stone Mining
32:39 Long Swordsman
33:20 Squires
32:41 Pikeman
33:43 Hand Cart
38:56 Bodkin Arrow
42:38 Iron Casting
44:55 Murder Holes
45:34 Masonry
46:53 Bow Saw
51:49 Imperial Age
52:36 Chain Mail Armor
53:12 Town Watch
54:48 Stone Shaft Mining
54:16 Heavy Plow
55:02 Conscription
55:35 Bracer
57:47 Crop Rotation
hangover
0:38 Loom
14:18 Feudal Age
15:05 Horse Collar
15:14 Double-Bit Axe
15:44 Gold Mining
15:47 Stone Mining
25:02 Castle Age
22:55 Man-at-Arms
24:31 Arson
25:51 Pikeman
25:51 Long Swordsman
34:41 Imperial Age
35:22 Bow Saw
38:59 Two-Man Saw
40:34 Heavy Scorpion
41:23 Halberdier
43:53 Caravan
44:23 Coinage
44:34 Ballistics
46:49 Chemistry
59:01 Banking
mimotaker
0:31 Loom
15:53 Feudal Age
23:03 Castle Age
25:45 Double-Bit Axe
25:53 Stone Mining
25:54 Gold Mining
27:23 Fishing Lines
33:11 Wheelbarrow
34:04 Horse Collar
36:24 Gillnets
36:11 Crossbowman
37:19 Fletching
41:45 Hand Cart
41:48 Padded Archer Armor
48:17 Imperial Age
45:36 Town Watch
49:00 Arbalester
52:17 Heavy Scorpion
53:03 Capped Ram
54:24 Tusk Swords
54:37 Husbandry
55:11 Double Crossbow
58:07 Bloodlines
60:53 Gold Shaft Mining
64:02 Elite Ballista Elephant
64:06 Elite Battle Elephant
64:09 Cavalier
64:09 Light Cavalry
66:35 Siege Ram
大哈巴犬
0:29 Loom
12:00 Feudal Age
12:15 Man-at-Arms
20:34 Castle Age
水邊小牛
2:23 Loom
2:28 Loom
6:49 Double-Bit Axe
12:07 Feudal Age
16:08 Castle Age
24:24 Bow Saw
23:58 Horse Collar
24:57 Wheelbarrow
24:46 Town Watch
26:11 Hand Cart
27:19 Cavalier
27:57 Fishing Lines
30:04 Forging
30:00 Scale Barding Armor
31:06 Heavy Plow
31:51 Iron Casting
31:35 Gold Mining
31:38 Stone Mining
33:41 Chain Barding Armor
35:23 Gold Shaft Mining
35:16 Husbandry
39:48 Imperial Age
38:05 Man-at-Arms
38:46 Squires
41:37 Blast Furnace
41:12 Plate Barding Armor
40:29 Fletching
41:35 Stone Shaft Mining
42:37 Long Swordsman
44:12 Crop Rotation
44:47 Two-Man Saw
43:19 Two-Handed Swordsman
43:46 Arson
44:07 Scale Mail Armor
44:03 Bodkin Arrow
43:44 Paladin
45:56 Ballistics
46:36 Chemistry
45:32 Murder Holes
45:18 Treadmill Crane
45:49 Masonry
45:40 Champion
46:40 Capped Ram
47:13 Sappers
48:04 Conscription
48:59 Pikeman
49:04 Elite Skirmisher
52:57 Chain Mail Armor
52:42 Bracer
52:43 Padded Archer Armor
53:17 Architecture
52:59 Fortified Wall
54:55 Burgundian Vineyards
55:26 Hoardings
58:42 Caravan
63:18 Fervor
Coyote
0:42 Loom
13:09 Feudal Age
13:45 Double-Bit Axe
13:53 Stone Mining
14:11 Gold Mining
22:24 Castle Age
23:27 Husbandry
23:39 Scale Barding Armor
23:34 Scale Mail Armor
23:44 Forging
27:04 Coinage
26:35 Caravan
29:20 Bow Saw
29:49 Gold Shaft Mining
32:44 Imperial Age
33:22 Wheelbarrow
32:54 Cavalier
34:35 Banking
35:29 Hand Cart
35:04 Town Watch
35:03 Paladin
37:45 Town Patrol
38:07 Chain Barding Armor
38:03 Chain Mail Armor
38:24 Iron Casting
39:27 Plate Barding Armor
40:50 Plate Mail Armor
41:58 Blast Furnace
41:10 Ordonnance Companies
Connection lost

Rejoining the realm…

Still unreachable

The connection could not be restored.

Session expired

The server has moved on; the page needs a fresh start.